AoeStats
← fdsalamanca

Arabia

509628333Analyzed
1v1 RM · 4d ago on Sep 27, 2026· 40m 13s· 2 players
Game mode
Random Map
Map size
Tiny (2 player)
Population
200
Speed
Normal
Resources
Standard
Victory
Conquest
Starting age
Dark Age
Ending age
Imperial Age
RankedLock teamsTeams togetherTeam positionsShared explorationLock speedFull tech treeHidden civsTurbo modeCheats
Victory
Defeat
🇹🇷 Bohemians · Türkiye
1145
+15
🇨🇱 Mongols · Chile
1126
-15
fdsalamanca
7:17 Loom
9:27 Feudal Age
11:01 Double-Bit Axe
18:03 Town Watch
20:46 Castle Age
19:00 Horse Collar
21:01 Wheelbarrow
22:51 Bloodlines
23:00 Bow Saw
23:03 Husbandry
24:39 Gold Mining
24:52 Fletching
25:03 Padded Archer Armor
25:27 Thumb Ring
25:56 Bodkin Arrow
27:06 Leather Archer Armor
28:02 Hand Cart
28:38 Light Cavalry
30:41 Ballistics
30:24 Crossbowman
31:29 Heavy Plow
35:41 Stone Mining
36:27 Gold Shaft Mining
36:35 Gold Shaft Mining
37:42 Stone Shaft Mining
37:11 Town Patrol
37:58 Scale Barding Armor
39:03 Chain Barding Armor
ANDOZ
6:53 Loom
9:42 Feudal Age
10:58 Double-Bit Axe
10:55 Horse Collar
22:25 Castle Age
20:47 Forging
21:48 Fletching
21:59 Scale Mail Armor
22:31 Elite Skirmisher
23:10 Bodkin Arrow
24:12 Padded Archer Armor
24:28 Chain Mail Armor
27:04 Fervor
26:52 Pikeman
29:01 Bow Saw
29:19 Squires
32:53 Wheelbarrow
33:35 Ballistics
37:03 Imperial Age
36:37 Leather Archer Armor
36:58 Iron Casting
36:37 Heavy Plow
38:16 Chemistry
37:33 Hand Cart
37:06 Town Watch
39:13 Bracer
39:44 Ring Archer Armor
39:45 Plate Mail Armor
40:15 Blast Furnace
Connection lost

Rejoining the realm…

Still unreachable

The connection could not be restored.

Session expired

The server has moved on; the page needs a fresh start.